Map: 데스오라 - 래더

Players

RagnaroK (SHIN) - Winner!

  • Race: Zerg Zerg
  • Spawn Location: 5:00

Kelazhur

  • Race: Terran Terran
  • Spawn Location: 11:00

Event: Cheeseadelphia Winter Championship 2021

VOD

Have the link to the VOD?

Description

Time

  • Played on: Jan. 23, 2021, 4:26 p.m.
  • Length: 5:33

All games in this series

Show
View Real Time Build Order
Export as new Build Order

RagnaroK Zerg - Winner!

Build Orders: Pool First 

Get SALT Encoding   

  12  0:00  Drone  
  13  0:12  Overlord  
  13  0:16  Drone  
  14  0:30  Drone  
  14  0:31  Drone  
  16  0:40  Spawning Pool  
  15  0:43  Drone  
  15  0:47  Drone  
  17  1:07  Hatchery  
  17  1:10  Drone  
  17  1:13  Extractor  
  16  1:27  Zergling x4  
  16  1:28  Zergling x2  
  16  1:31  Queen  
  21  1:39  Overlord  
  21  1:54  Drone  
  22  2:01  Drone  
  22  2:07  Queen  
  25  2:11  Drone  
  25  2:14  Metabolic Boost  
  26  2:19  Drone  
  26  2:22  Drone  
  28  2:31  Drone  
  28  2:32  Drone  
  30  2:38  Queen  
  30  2:42  Overlord  
  32  2:45  Drone x2  
  32  2:46  Drone  
  34  2:51  Drone  
  35  2:59  Overlord  
  35  3:02  Drone  
  36  3:11  Hatchery  
  36  3:12  Drone  
  36  3:14  Drone  
  36  3:19  Drone  
  38  3:21  Drone  
  38  3:22  Drone x2  
  41  3:27  Queen  
  41  3:33  Drone x3  
  46  3:40  Roach Warren  
  45  3:42  Overlord  
  45  3:46  Drone  
  45  3:47  Drone  
  47  3:51  Extractor x2  
  47  3:52  Drone x3  
  48  3:57  Overlord  
  48  4:08  Overlord  
  48  4:17  Overlord  
  48  4:21  Roach x3  
  48  4:24  Roach x5  
  64  4:29  Roach  
  66  4:32  Overlord  
  64  4:53  Zergling x20  
  74  5:00  Zergling x6  
  74  5:01  Zergling x2  
  74  5:06  Ravager x3  
  74  5:07  Ravager x2  
  83  5:09  Zergling x8  
  89  5:15  Overlord  
Show
View Real Time Build Order
Export as new Build Order

Kelazhur Terran 

Build Orders: Gas First Reaper Expand, Hellion Opening 

Get SALT Encoding   

  12  0:00  SCV  
  13  0:12  SCV  
  14  0:17  Supply Depot  
  14  0:24  SCV  
  14  0:27  Refinery  
  15  0:38  SCV  
  16  0:44  Barracks  
  16  0:50  SCV  
  17  1:02  SCV  
  18  1:15  SCV  
  19  1:30  Orbital Command  
  19  1:31  Reaper  
  20  1:41  Command Center  
  20  1:52  Factory  
  20  1:56  SCV  
  21  2:05  Barracks Reactor  
  21  2:06  Supply Depot  
  21  2:11  SCV  
  21  2:18  Refinery  
  21  2:23  SCV  
  22  2:35  SCV  
  23  2:40  Ghost Academy  
  23  2:46  Hellion x2  
  23  2:48  SCV  
  28  2:52  Barracks Tech Lab  
  28  2:56  Orbital Command  
  28  3:00  SCV  
  29  3:10  Ghost  
  31  3:13  SCV  
  31  3:16  Hellion  
  34  3:20  Hellion  
  34  3:23  SCV  
  34  3:25  SCV  
  37  3:35  SCV  
  37  3:40  Ghost  
  40  3:43  SCV  
  40  3:46  Hellion x2  
  40  3:48  SCV  
  46  3:52  Supply Depot  
  46  3:59  Supply Depot  
  46  4:13  Ghost, SCV x2, Hellion x2  
  54  4:21  Supply Depot  
  54  4:23  Armory  
  54  4:25  SCV x2  
  56  4:34  Supply Depot  
  56  4:35  Hellion  
  56  4:37  SCV x2  
  60  4:43  Hellion  
  60  4:45  Supply Depot  
  62  4:49  SCV x2  
  62  4:52  Ghost  
  62  4:56  Hellion  
  66  5:02  SCV x2  
  68  5:10  Command Center  
  68  5:15  Starport x2  
  68  5:16  SCV  
  69  5:21  SCV  
Tags
 
Add a new tag
Caveats
  • Supply blocks, unpowered buildings, or Contaminate may cause inaccurate times.
  • Supply counts are checked every 10 seconds.